 Dungeon Crawl Stone Soup version 0.30.0-29-ga12c61a403 (webtiles) character file.

Game seed: 7856823618801015032

2 comborobin the Sneak (level 1, -5/18 HPs)
             Began as a Demigod Delver on June 6, 2023.
             Slain by Blork the orc
             ... wielding a +0 long sword
              (7 damage)
             ... on level 5 of the Dungeon.
             The game lasted 00:00:29 (62 turns).

comborobin the Sneak (Demigod Delver)                 Turns: 62, Time: 00:00:29

Health: -5/18      AC:  3    Str: 13    XL:     1   Next: 20%
Magic:  3/3        EV: 11    Int: 12    God:
Gold:   0          SH:  0    Dex: 15    Spells: 0/0 levels left

rFire   . . .        a - +0 mace
rCold   . . .        (no shield)
rNeg    . . .        b - +0 leather armour
rPois   .            (no helmet)
rElec   .            (no cloak)
rCorr   .            (no gloves)
SInv    .            (no boots)
Will    .....        (no amulet)
Stlth   +++          (no ring)
HPRegen 0.23/turn    (no ring)
MPRegen 0.08/turn

%: no passive effects
@: no status effects
A: high MP 1, forlorn, divine attributes
a: no special abilities


You were on level 5 of the Dungeon.
You visited 1 branch of the dungeon, and saw 1 of its levels.

Inventory:

Hand Weapons
 a - a +0 mace (weapon)
Armour
 b - a +0 leather armour (worn)
 f - a +0 helmet
Wands
 g - a wand of digging (3)
Scrolls
 c - a scroll of fog
 d - a scroll of magic mapping


   Skills:
 - Level 2.6 Fighting
 + Level 2.0 Maces & Flails
 - Level 1.7 Dodging
 - Level 4.5 Stealth


You couldn't memorise any spells.
You didn't know any spells.
Your spell library was empty.

Dungeon Overview and Level Annotations

Branches:
Dungeon (5/15)             Temple (0/1) D:5

Annotations:
D:5 Blork the orc, Ijyb


Innate Abilities, Weirdness & Mutations

You have an increased reservoir of magic. (+10% MP)
You shall have no god before yourself.
Your divine heritage dramatically boosts your attributes as you level up.


Message History

A black bear comes into view.
A jelly comes into view.
You see here a +0 ring mail.
A scorpion comes into view.
The sleepcap releases spores at you.
Your extra speed is starting to run out.
Ijyb the Twisted Goblin comes into view.
She is wielding a +0 dagger and carrying a wand of flame (18).
As you read the scroll of magic mapping, it crumbles to dust.
You feel aware of your surroundings.
You sensed 2 shops/portals.
Ijyb shouts!
You hear a shout!
You feel yourself slow down. Ijyb hits you with a +0 dagger.
An orc comes into view. It is wielding a +0 short sword.
Blork the orc comes into view.
He is wielding a +0 long sword, wearing a +0 robe of fire resistance and carrying a wand of digging (7).
Ijyb zaps a wand.
The puff of flame hits you!
The orc moves out of view.
Ijyb attacks as you move away! Ijyb barely misses you.
Found a scroll of magic mapping.
Blork the orc shouts!
Ijyb screams, "Me kill you!"
As you read the scroll of fear, it crumbles to dust.
You assume a fearsome visage.
The scorpion looks frightened!
Ijyb looks frightened!
Blork the orc looks frightened!
The orc looks frightened!
The sleepcap is unaffected.
You strike the helpless orc from behind!
You sock the orc!
You kill the orc!
Your Maces & Flails skill increases to level 2!
Blork the orc hums to himself desperately, trying to keep calm.
Things that are here:
a +0 short sword; an orc corpse Blork the orc seems to regain his courage.
Blork the orc casts a spell.
Blork the orc seems to speed up.
The gnoll shouts!
Blork the orc closely misses you.
You see here a scroll of magic mapping.
d - a scroll of magic mapping Blork the orc hits you with a +0 long sword!
* * * LOW HITPOINT WARNING * * *
Blork the orc hits you with a +0 long sword!
You die...

#.#5###.#.#,*,#.###.#...g.
#....##...###...##...>..g#
####.)......g............g
###....###.##..........
##...g....##......#...
#.................#...
#....f................
#......###............
#....@o..g........#..$
#.....................
#............###......
####.........# #.#....
*,..........# *,***,*
*...........#**,* *,,
#.....###.###*,,***,,
###..## *..,,,,**,,,,
***,** *****,***,,,,


You could see Blork the orc (fast), a sleepcap, a gnoll sergeant and a gnoll.

Vanquished Creatures
  An orc (D:5)
1 creature vanquished.

Notes
Turn   | Place    | Note
-------+----------+-------------------------------------------
     0 | D:5      | comborobin the Demigod Delver began the quest for the Orb.
     0 | D:5      | Reached XP level 1. HP: 18/18 MP: 3/3
     1 | D:5      | Noticed a gnoll sergeant
    32 | D:5      | Noticed a sleepcap
    33 | D:5      | Noticed a black bear
    33 | D:5      | Noticed a jelly
    34 | D:5      | Noticed a scorpion
    42 | D:5      | Noticed Ijyb
    50 | D:5      | Noticed Blork the orc
    62 | D:5      | Slain by Blork the orc

Illustrated notes

Levels and vault maps discovered:
D:5:      layout_rooms, minmay_temple_entry_proselytizer, nicolae_shop_fire_sale
          [nicolae_sub_dead_trees], hellmonk_bongcloud_opening,
          minmay_starry_boxes, uniq_ijyb, uniq_blork_the_orc,
          uniq_prince_ribbit1

Skill      XL: |  1 |
---------------+----+-----
Maces & Flails | 2 |  2.0
Fighting       | |  2.6
Dodging        | |  1.7
Stealth        | |  4.5

Action                     || total
---------------------------++-------
  Melee: Mace              ||     1
    Use: Scroll            ||     2
         Potion            ||     1
   Stab: Fleeing           ||     1
 Armour: Leather armour    ||     1
  Dodge: Dodged            ||     3
